 Dungeon Crawl Stone Soup version 0.27.1-37-g7b29ead8ac (console) character file.

Game seed: 15108307569707105655

2193052 grimtooth the Conqueror (level 27, 323/323 HPs)
             Began as an Ogre Berserker on Nov 7, 2023.
             Was the Champion of Trog.
             Escaped with the Orb
             ... and 4 runes on Nov 12, 2023!
             The game lasted 08:40:31 (87170 turns).

grimtooth the Conqueror (Ogre Berserker)           Turns: 87170, Time: 08:40:32

Health: 323/323    AC: 32    Str: 34      XL:     27
Magic:  32/32      EV: 24    Int:  7 (8)  God:    Trog [******]
Gold:   6809       SH:  0    Dex: 20      Spells: 26/26 levels left

rFire    . . .     SeeInvis +   a - +7 g.spiked club {vorpal, rElec rF+}
rCold    + + .     Faith    .   (shield currently unavailable)
rNeg     . . .     Spirit   .   z - +7 ice dragon scales of Insecurity {Harm Rampage rF- rC++ MP+9 Dex+8}
rPois    +         Reflect  .   j - +0 mask of the Dragon {Will+ Slay+3 SInv}
rElec    +         Harm     +   n - +2 cloak {Stlth+}
rCorr    .         Rampage  +   (gloves unavailable)
Will     +++..                  (boots unavailable)
Stlth    +.........             I - amulet of Serendipity {Harm +Blink rPois Regen+}
HPRegen  1.63/turn              H - +4 ring of protection
MPRegen  0.23/turn              y - +4 ring of evasion

@: studying Air Magic
A: large, unfitting armour, tough skin 1, deterioration 1, no potion heal 1
0: Orb of Zot
}: 4/15 runes: barnacled, slimy, silver, gossamer
a: Renounce Religion, Evoke Blink, Berserk, Trog's Hand, Brothers in Arms


You escaped.
You worshipped Trog.
Trog was exalted by your worship.
You visited 11 branches of the dungeon, and saw 57 of its levels.
You also visited: Desolation.

You collected 10713 gold pieces.
You spent 3904 gold pieces at shops.

Inventory:

Hand Weapons
 a - the +7 giant spiked club of Trog's Hatred (weapon) {vorpal, rElec rF+}
   (Trog gifted it to you on level 13 of the Dungeon)

   It inflicts extra damage upon your enemies.
   rF:        It protects you from fire.
   rElec:     It insulates you from electricity.
 b - the +3 giant club "Skullcrusher" {speed, Str+7}
   (You found it on level 5 of the Vaults)

   Attacks with this weapon are significantly faster.
   Str:       It affects your strength (+7).
 q - a +9 lajatang of speed
 r - a +9 antimagic demon whip
Missiles
 f - 46 boomerangs
 i - 7 throwing nets {=f}
 A - 26 silver javelins (quivered)
 P - 126 large rocks
 S - 10 curare-tipped darts {=F}
Armour
 j - the +0 mask of the Dragon (worn) {Will+ Slay+3 SInv}
   (You bought it in a shop on level 9 of the Dungeon)

   Slay:      It affects your accuracy & damage with ranged weapons and melee
   (+3).
   SInv:      It lets you see invisible.
   Will:      It increases your willpower.
 n - a +2 cloak of stealth (worn)
 t - a scarf of invisibility
 z - the +7 ice dragon scales of Insecurity (worn) {Harm Rampage rF- rC++ MP+9 Dex+8}
   (You found it on level 2 of the Lair of Beasts)

   Dex:       It affects your dexterity (+8).
   rF:        It makes you vulnerable to fire.
   rC:        It greatly protects you from cold.
   MP:        It affects your magic capacity (+9).
   Harm:      It increases damage dealt and taken.
   Rampage:   It bestows one free step when moving towards enemies.
Jewellery
 m - the ring of Socaer {rC+ Will+ rCorr Dex-2 Stlth+}
   (You found it on level 1 of the Elven Halls)

   [ring of protection from cold]

   Dex:       It affects your dexterity (-2).
   rC:        It protects you from cold.
   rCorr:     It protects you from acid and corrosion.
   Will:      It increases your willpower.
   Stlth:     It makes you more stealthy.
 s - the ring "Ahegaax" {Fly rF+ Will+ Int+5}
   (You found it on level 5 of the Depths)

   [ring of protection from fire]

   Int:       It affects your intelligence (+5).
   rF:        It protects you from fire.
   Fly:       It grants you flight.
   Will:      It increases your willpower.
 y - a +4 ring of evasion (right hand)
 B - a ring of protection from fire
 H - a +4 ring of protection (left hand)
 I - the amulet of Serendipity (around neck) {Harm +Blink rPois Regen+}
   (You found it on level 3 of the Crypt)

   [amulet of regeneration]

   rPois:     It protects you from poison.
   +Blink:    It lets you blink.
   Regen:     It increases your rate of health regeneration.
   Harm:      It increases damage dealt and taken.
 O - a +4 ring of slaying
Wands
 l - a wand of mindburst (34)
 v - a wand of paralysis (48)
 J - a wand of polymorph (46)
 K - a wand of acid (49)
 L - a wand of iceblast (69)
 R - a wand of charming (20)
 T - a wand of digging (28)
Scrolls
 e - a scroll of blinking
 h - 10 scrolls of teleportation
 k - 3 scrolls of silence
 o - a scroll of summoning
 u - 11 scrolls of fog
 D - a scroll of magic mapping
 M - 10 scrolls of vulnerability
 V - 3 scrolls of holy word
 W - 3 scrolls of fear
Potions
 c - 3 potions of resistance
 g - 25 potions of curing
 C - 4 potions of ambrosia
 F - 10 potions of haste
 G - 5 potions of might
 N - 6 potions of heal wounds
 U - 4 potions of invisibility
 Y - 10 potions of cancellation
 Z - a potion of magic
Miscellaneous
 d - a condenser vane
 p - a tin of tremorstones (1/2)
 w - a phial of floods
 E - a phantom mirror
 Q - a box of beasts
 X - a lightning rod (4/4)


   Skills:
 O Level 27 Fighting
 - Level 25.0 Maces & Flails
 - Level 25.0 Throwing
 + Level 18.6 Armour
 - Level 18.0 Dodging
 - Level 6.0 Shields
 - Level 15.0 Evocations


You had 26 spell levels left.
You didn't know any spells.
Your spell library was empty.

Dungeon Overview and Level Annotations

Branches:
Dungeon (15/15)            Temple (0/1) D:7            Lair (6/6) D:8
 Shoals (4/4) Lair:2       Spider (4/4) Lair:2        Slime (5/5) Lair:6
    Orc (2/2) D:9             Elf (3/3) Orc:2        Vaults (5/5) D:13
  Crypt (3/3) Vaults:3       Tomb (0/3) Crypt:3      Depths (5/5) D:15
    Zot (5/5) Depths:5    Desolation (visited)

Altars:
Ashenzari
Dithmenos
Elyvilon
Fedhas
Gozag
Hepliaklqana
Nemelex Xobeh
Qazlal
Ru
Sif Muna
Uskayaw
Vehumet
Xom
Yredelemnul
The Shining One
Beogh
Jiyva

Shops:
D:4 !   D:8 :(((   D:9 [   D:10 ?   D:15 [   Orc:1 *   Orc:2 :(**   Elf:2 :[
Elf:3 :   Shoals:1 *[*   Shoals:2 :*   Shoals:3 *   Vaults:1 *   Vaults:2 (
Vaults:3 *   Vaults:5 [

Portals:
Hell: Depths:1 Depths:2 Depths:3 Depths:4 Depths:5
Abyss: Depths:1 Depths:4 Depths:5
Pandemonium: Depths:2 Depths:3 Depths:4 Depths:5
Ziggurat: Depths:2

Annotations:
D:5 dig
Shoals:1 fly
Spider:4 3 runed translucent doors, Kazon's ghost, journeyman PaBe
Vaults:3 2 transporters
Crypt:1 3 runed translucent doors
Depths:2 1 exclusion


Innate Abilities, Weirdness & Mutations

You are too large for most types of armour.
You have tough skin. (AC +1)
Your body sometimes deteriorates upon taking damage.
Potions are less effective at restoring your health.


Message History

The poison arrow misses you.
You hit the green death but do no damage.
The green death is severely wounded.
You feel sick. The green death gestures at you. The poison arrow misses you.
You hit the green death but do no damage.
The green death is severely wounded.
You feel sick. The green death closely misses you.
You spit the green death like a pig!!!
You kill the green death!
Trog accepts your kill.
You feel sick.
You feel sick.
The Orb Guardian is engulfed in poison gas.
The Orb Guardian is poisoned.
A ynoxinul comes into view.
You pound the Orb Guardian like an anvil!!!
The Orb Guardian is almost dead.
You feel sick.
The Orb Guardian hits you but does no damage.
You puncture the Orb Guardian!
You kill the Orb Guardian!
Trog accepts your kill.
You feel sick.
You feel your intelligence returning.
You feel sick.
The ynoxinul gestures.
You feel sick.
You are no longer poisoned.
You skewer the ynoxinul like a kebab!!!
You kill the ynoxinul!
Trog accepts your kill.
The ufetubus disappears in a puff of smoke! x2
There is an open gate here.
A Tzitzimitl comes into view.
The Tzitzimitl moves out of view.
There is an open door here.
There is a staircase leading out of the dungeon here.
You have escaped!

###################
#...1#...8...#....#
#.⌠..'.8.....#..@.#
#....#...⌠...#....#
#....#.8...8.'....#
###..#.......#..###
♣♣####..8.8..####
.♣♣♣ #.......# ♣♣♣#
...♣♣###...###♣♣..#
....♣♣♣#'''#♣♣♣..♣#
##♣...............#
##♣♣........♣♣###
♣.♣...♣♣♣♣


There were no monsters in sight!

Vanquished Creatures
  the Royal Jelly (Slime:5)
  6 ancient liches
  Khufu (Crypt:1)
  4 orbs of fire
  3 juggernauts
  2 royal mummies
  Sojobo (Vaults:2)
  Boris (thrice) (Vaults:3 Crypt:2 Depths:5)
  12 Killer Klowns
  3 caustic shrikes
  A curse toe (Zot:4)
  Saint Roka (Orc:2)
  Nikola (Elf:2)
  16 golden dragons
  Jory (Depths:4)
  A Tzitzimitl (D:6)
  6 electric golems
  16 tentacled monstrosities
  A Hell Sentinel (Zot:3)
  11 titans
  Jorgrun (Spider:2)
  26 Orb Guardians
  6 liches
  A shard shrike skeleton (Crypt:3)
  2 deep elf master archers (Elf:3)
  10 quicksilver dragons
  Asterion (Spider:4)
  3 ancient champions
  An Executioner (D:5)
  23 acid blobs
  3 deep elf blademasters
  10 shadow dragons
  18 death cobs
  Roxanne (D:15)
  21 storm dragons
  9 tengu reavers
  A kraken (Shoals:4)
  11 sphinxes
  Donald (Vaults:3)
  11 azure jellies
  2 revenants (Crypt:2)
  15 fire giants
  7 draconian monks
  13 vault wardens
  A deep elf sorcerer (Elf:3)
  11 rockslimes
  21 frost giants
  5 iron dragons
  4 draconian scorchers
  An orc warlord (Orc:1)
  6 draconian knights
  A balrug (D:3)
  Aizul (Shoals:3)
  3 imperial myrmidons (Desolation)
  5 emperor scorpions
  4 draconian shifters
  4 spriggan defenders
  8 ghost moths
  A draconian stormcaller (Zot:1)
  12 ghouls
  15 quicksilver oozes
  4 deep elf elementalists (Elf:3)
  8 draconian annihilators
  12 ironbound preservers
  32 very ugly things
  4 curse skulls
  30 stone giants
  5 war gargoyles
  Nessos (D:12)
  2 entropy weavers
  8 green draconians
  9 vampire knights
  8 black draconians
  8 red draconians
  10 spark wasps
  6 yellow draconians
  7 deep elf annihilators (Elf:3)
  7 deep elf demonologists
  2 dire elephants
  Azrael (Elf:2)
  A bunyip (shapeshifter) (Vaults:5)
  15 purple draconians
  3 merfolk javelineers
  6 eidola
  13 deep elf death magi
  5 crystal guardians
  The ghost of grimtooth the Eclecticist, a journeyman DEWz of Sif Muna (Lair:5)
  9 merfolk impalers
  9 white draconians
  2 green deaths
  4 mummy priests (Crypt:3)
  8 fire dragons
  Josephine (Lair:4)
  9 great orbs of eyes
  9 jiangshi
  6 yaktaur captains
  The ghost of Xudgha the Protected, a journeyman MiFi of Okawaru (Lair:2)
  18 ettins
  A fenstrider witch zombie (Crypt:1)
  5 deep elf high priests
  9 servants of whispers (Desolation)
  4 ragged hierophants (Desolation)
  2 rakshasas
  36 vault guards
  Erolcha (D:9)
  9 ice dragons
  4 boulder beetles
  A catoblepas (D:14)
  2 ogre magi
  3 spriggan air magi
  8 hydras
  6 peacekeepers
  A hell beast (Depths:3)
  7 ironbound frosthearts
  5 ironbound thunderhulks
  9 two-headed ogres
  An alligator snapping turtle (Shoals:3)
  5 merfolk avatars
  6 centaur warriors
  25 dancing weapons
  6 merfolk aquamancers
  6 death yaks
  2 satyrs
  5 deep troll earth magi
  16 deep troll shamans
  5 vampire magi
  14 tengu warriors
  A soul eater (Crypt:1)
  5 ironbound beastmasters
  21 hell knights
  4 orc high priests (Orc:2)
  8 spriggan berserkers
  Nergalle (D:10)
  A fire crab (D:13)
  A storm dragon zombie (Crypt:2)
  5 sun demons
  Sonja (D:12)
  4 shadow wraiths
  15 deep elf knights
  14 iron trolls
  A golden dragon zombie (Crypt:2)
  An iron troll (shapeshifter) (Depths:1)
  2 goliath frogs (Lair:6)
  13 sea snakes
  3 salamander mystics (Depths:3)
  A titan skeleton (Crypt:2)
  A sixfirhy (Depths:2)
  2 spriggan druids (Depths:2)
  A flayed ghost (Crypt:2)
  A gelid demonspawn (Zot:4)
  7 skeletal warriors (Crypt:3)
  20 ironbound convokers
  A ghost moth zombie (Crypt:2)
  3 glowing orange brains
  59 deep trolls
  10 bog bodies
  5 deep elf archers
  An anaconda skeleton (Crypt:3)
  4 orc knights
  11 wizards
  7 lindwurms
  A shadow dragon zombie (Crypt:2)
  11 phantasmal warriors
  11 necromancers
  19 deep elf zephyrmancers
  12 orb spiders
  Pikel (D:4)
  26 harpies
  14 deep elf pyromancers
  2 oklob plants (Lair:3)
  5 orc sorcerers
  35 ugly things
  6 cyclopes
  26 wolf spiders
  5 shining eyes
  A moth of wrath (shapeshifter) (Depths:4)
  8 manticores
  11 salamanders
  12 fauns
  3 black mambas
  A draconian (Zot:4)
  17 elephants
  31 moths of wrath
  Maurice (D:9)
  4 guardian serpents
  2 eyes of devastation
  12 merfolk sirens
  3 rust devils
  11 vault sentinels
  8 water nymphs
  An alligator snapping turtle zombie (Crypt:1)
  An unseen horror (Depths:1)
  3 torpor snails
  An orange demon (Depths:2)
  Maggie (D:7)
  2 gargoyles
  A molten gargoyle (Desolation)
  21 cane toads
  A kobold demonologist (D:11)
  3 rime drakes
  A tormentor (Depths:3)
  8 komodo dragons
  2 death yak zombies
  An alligator snapping turtle skeleton (Crypt:1)
  4 freezing wraiths
  A hellion (Depths:1)
  22 yaktaurs
  6 tengu conjurers
  14 demonic crawlers
  3 hellwings
  40 guardian mummies (Crypt:3)
  A red devil (Depths:3)
  3 tyrant leeches (Lair:6)
  21 jumping spiders
  23 merfolk
  6 meliai
  9 trolls
  8 wind drakes
  A shadow dragon simulacrum (Crypt:2)
  A harpy zombie (Crypt:1)
  A death drake skeleton (Crypt:1)
  46 saltlings (Desolation)
  A stone giant simulacrum (Vaults:4)
  14 hornets
  11 snapping turtles
  3 polar bears
  15 blink frogs
  106 slime creatures
  15 dream sheep
  An alligator skeleton (Crypt:2)
  52 redbacks
  29 spriggans
  22 tarantellas
  5 air elementals
  A vampire (D:11)
  13 wraiths
  2 ynoxinuls
  6 ushabtiu (Crypt:3)
  2 shadows
  29 water elementals
  4 wyverns
  6 fire elementals
  40 yaks
  A basilisk (Lair:2)
  5 golden eyes
  9 vampire mosquitoes
  8 chaos spawn
  2 swamp worms (shapeshifter)
  7 wargs
  8 large abominations
  An infernal demonspawn zombie (Crypt:1)
  17 water moccasins
  3 floating eyes
  4 hell hounds
  A monstrous demonspawn skeleton (Crypt:2)
  A two-headed ogre skeleton (Crypt:2)
  22 orc warriors
  A cane toad skeleton (Crypt:2)
  A water nymph skeleton (Crypt:1)
  2 ice beasts
  9 ogres
  12 wolves
  5 boggarts
  9 necrophages
  A centaur (shapeshifter) (Vaults:5)
  25 centaurs
  3 small abominations (Depths:1)
  A snapping turtle skeleton (Crypt:2)
  A lemure (D:4)
  2 phantoms
  Blork the orc (D:5)
  3 elf zombies
  14 bullfrogs
  3 earth elementals
  2 scorpions
  2 wyvern zombies
  2 wyvern skeletons
  A water moccasin skeleton (D:6)
  A queen bee zombie (Crypt:3)
  10 wights
  6 electric eels
  7 howler monkeys
  3 centaur zombies
  4 quasits (D:5)
  A bullfrog skeleton (D:5)
  26 orc priests
  4 iguanas
  25 orc wizards
  A hell rat (D:8)
  A killer bee zombie (Crypt:3)
  2 hound zombies
  8 mummies
  Robin (D:2)
  4 gnolls (Orc:1)
  A howler monkey skeleton (D:6)
  3 adders
  A river rat (D:8)
  2 white imps
  An ufetubus (D:6)
  An iguana zombie (Crypt:3)
  2 lava snake zombies (Crypt:2)
  A worm zombie (Crypt:3)
  An adder skeleton (D:4)
  An iguana skeleton (Crypt:2)
  3 worms (D:2)
  2 dart slugs
  64 orcs
  3 ball pythons
  5 bats
  A bat skeleton (D:2)
  7 endoplasms
  5 giant cockroaches
  15 goblins
  7 hobgoblins
  9 jackals
  7 kobolds
  A quokka (D:5)
  A river rat zombie (Crypt:1)
  3 frilled lizards
  2 goblin skeletons
  A jackal skeleton (D:7)
  A kobold skeleton (Crypt:2)
  A kobold zombie (Crypt:2)
  3 rats (D:2)
2495 creatures vanquished.

Vanquished Creatures (collateral kills)
  An ettin (Vaults:2)
  2 merfolk impalers (Shoals:4)
  An ironbound thunderhulk (Vaults:2)
  2 merfolk avatars (Shoals:4)
  3 merfolk aquamancers (Shoals:4)
  An ironbound convoker (Vaults:2)
  A snapping turtle (Shoals:4)
11 creatures vanquished.

Vanquished Creatures (others)
  A wizard (Vaults:3)
  A deep elf zephyrmancer (Elf:2)
  A guardian serpent (Desolation)
  Psyche (D:8)
  A quokka (D:8)
  A bush (Lair:6)
  43 fungi
  145 plants
  10 tentacles (Shoals:4)
204 creatures vanquished.

Grand Total: 2710 creatures vanquished

Notes
Turn   | Place    | Note
-------+----------+-------------------------------------------
     0 | D:1      | grimtooth the Ogre Berserker began the quest for the Orb.
     0 | D:1      | Reached XP level 1. HP: 24/24 MP: 1/1
   354 | D:1      | Reached XP level 2. HP: 32/32 MP: 2/2
   787 | D:1      | Reached XP level 3. HP: 37/40 MP: 3/3
  1583 | D:2      | Noticed Robin
  1657 | D:2      | Killed Robin
  1662 | D:2      | Reached XP level 4. HP: 49/49 MP: 4/4
  1714 | D:2      | Reached ** piety under Trog
  1955 | D:2      | Reached skill level 5 in Fighting
  2489 | D:3      | Reached XP level 5. HP: 54/57 MP: 5/5
  3055 | D:3      | HP: 1/85 [orc (5)]
  3331 | D:3      | Found a faded altar of an unknown god.
  3861 | D:4      | Found Xeleges's Distillery.
  4155 | D:4      | Noticed a necrophage
  4171 | D:4      | Killed a necrophage
  4172 | D:4      | Reached skill level 6 in Fighting
  4172 | D:4      | Reached skill level 5 in Maces & Flails
  4172 | D:4      | Reached XP level 6. HP: 44/64 MP: 6/6
  4917 | D:4      | Noticed Pikel
  4936 | D:4      | Killed Pikel
  4937 | D:4      | Reached skill level 7 in Fighting
  4937 | D:4      | Reached XP level 7. HP: 78/78 MP: 7/7
  5480 | D:4      | Found a hide-covered altar of Uskayaw.
  5602 | D:5      | Entered Level 5 of the Dungeon
  5664 | D:5      | Noticed Blork the orc
  5671 | D:5      | Killed Blork the orc
  5672 | D:5      | Reached XP level 8. HP: 68/88 MP: 8/8
  5844 | D:5      | Reached skill level 8 in Fighting
  6003 | D:5      | Reached *** piety under Trog
  6636 | D:6      | Noticed a five-headed hydra
  6905 | D:6      | Found a stormy altar of Qazlal.
  7030 | D:6      | Reached skill level 9 in Fighting
  7282 | D:6      | Reached XP level 9. HP: 98/98 MP: 9/9
  7618 | D:6      | Reached skill level 10 in Fighting
  8260 | D:6      | Found a shimmering altar of Xom.
  8774 | D:7      | Reached skill level 1 in Shields
  9064 | D:7      | Found a runed translucent door.
  9071 | D:7      | Found a basalt altar of Yredelemnul.
  9192 | D:7      | Noticed Maggie
  9572 | D:7      | Found a staircase to the Ecumenical Temple.
 10377 | D:8      | Found Xoghein's Weapon Boutique.
 10999 | D:8      | Noticed Psyche
 11067 | D:8      | Reached skill level 11 in Fighting
 11169 | D:8      | Found Iguduff's Weapon Emporium.
 11348 | D:7      | Reached XP level 10. HP: 105/113 MP: 10/10
 11504 | D:8      | Reached **** piety under Trog
 11543 | D:8      | Reached skill level 5 in Dodging
 11611 | D:8      | Killed Psyche
 11946 | D:8      | Noticed a death yak
 11949 | D:8      | Noticed a death yak
 11952 | D:8      | Noticed a death yak
 12051 | D:8      | Found a staircase to the Lair.
 12402 | D:8      | Killed a death yak
 12403 | D:8      | Reached skill level 5 in Shields
 12665 | D:8      | Found Alall's Book Emporium.
 12883 | D:8      | Found Boatet's Weapon Shoppe.
 13172 | D:4      | Bought 2 potions of might for 104 gold pieces
 13172 | D:4      | Bought a potion of curing for 39 gold pieces
 13251 | D:6      | Killed a five-headed hydra
 13599 | D:9      | Noticed Maurice
 13641 | D:9      | Killed Maurice
 13760 | D:7      | Found a radiant altar of Vehumet.
 13839 | D:9      | Reached skill level 12 in Fighting
 14154 | D:9      | Found Xuaveutu's Armour Shoppe.
 14281 | D:9      | Found a glowing golden altar of the Shining One.
 14353 | D:9      | Found a white marble altar of Elyvilon.
 14463 | D:9      | Noticed a two-headed ogre
 14519 | D:9      | Found a shimmering blue altar of Sif Muna.
 14871 | D:10     | Entered Level 10 of the Dungeon
 14926 | D:10     | Found a sacrificial altar of Ru.
 14926 | D:10     | Noticed Grum
 14947 | D:10     | Reached XP level 11. HP: 106/123 MP: 11/11
 15161 | D:10     | Found an opulent altar of Gozag.
 15170 | D:10     | Paralysed by a hornet for 3 turns
 15198 | D:10     | Noticed a manticore
 15450 | D:10     | Noticed Erolcha
 15497 | D:9      | Killed Erolcha
 15768 | D:10     | Found a sparkling altar of Nemelex Xobeh.
 15796 | D:10     | Noticed Nergalle
 15859 | D:10     | Killed a manticore
 16256 | D:10     | Noticed Grum
 16256 | D:10     | Grum changed into Grum the boggart
 16264 | D:10     | Killed Grum the boggart
 16266 | D:10     | Found Cugogh's Magic Scroll Boutique.
 16289 | D:10     | Bought a scroll of identify for 28 gold pieces
 16337 | D:10     | Found a hazy altar of Hepliaklqana.
 16395 | D:10     | Found a blossoming altar of Fedhas.
 16553 | D:10     | Found a broken altar of Ashenzari.
 17203 | D:11     | Noticed a two-headed ogre
 17205 | D:11     | Reached skill level 13 in Fighting
 17546 | D:11     | Killed a two-headed ogre
 17736 | D:12     | Noticed a cyclops
 17803 | D:12     | Noticed Nessos
 17825 | D:12     | Noticed a cyclops
 17826 | D:12     | Identified the ring "Durinnad" {rC+ Str+4 SInv Stlth+}
 17834 | D:12     | Killed a cyclops
 17966 | D:12     | Reached skill level 10 in Maces & Flails
 18016 | D:12     | Noticed a manticore
 18027 | D:12     | Killed a manticore
 18225 | D:12     | Noticed a two-headed ogre
 18243 | D:12     | Killed a two-headed ogre
 18271 | D:12     | Killed a cyclops
 18272 | D:12     | Reached XP level 12. HP: 137/137 MP: 12/12
 18673 | D:12     | Noticed Sonja
 18675 | D:12     | Killed Sonja
 18676 | D:12     | Reached skill level 14 in Fighting
 18705 | D:12     | - where the hell are the mines
 18905 | D:10     | - this is the only possibility
 18913 | D:10     | - and i dont see it
 18915 | D:10     | Killed Nergalle
 19005 | D:9      | - oh its you
 19026 | D:9      | Reached ***** piety under Trog
 19047 | D:9      | Killed a two-headed ogre
 19256 | D:9      | Found a staircase to the Orcish Mines.
 19345 | Lair:1   | Entered Level 1 of the Lair of Beasts
 19494 | Lair:1   | Reached skill level 1 in Throwing
 19666 | Lair:1   | Received a gift from Trog
 19712 | Lair:1   | - trog dont make me switch to blades man
 20700 | Lair:2   | Found a hole to the Spider Nest.
 20718 | Lair:2   | Found a staircase to the Shoals.
 20833 | Lair:2   | Found a runed translucent door.
 20833 | Lair:2   | Found a shimmering altar of Xom.
 20833 | Lair:2   | Noticed Xudgha's ghost (journeyman MiFi)
 20933 | Lair:2   | Noticed a four-headed hydra
 21092 | Lair:2   | Reached skill level 5 in Throwing
 21756 | Lair:3   | Reached skill level 15 in Fighting
 21783 | Lair:3   | Reached XP level 13. HP: 147/149 MP: 13/13
 22947 | Lair:4   | Noticed Josephine
 23792 | Lair:4   | Killed Josephine
 24125 | Lair:5   | Found a runed translucent gate.
 24127 | Lair:5   | Found a runed translucent gate.
 24128 | Lair:5   | Found a runed translucent gate.
 24129 | Lair:5   | Noticed grimtooth's ghost (journeyman DEWz)
 24230 | Lair:5   | Reached skill level 16 in Fighting
 24398 | Lair:5   | Found a white marble altar of Elyvilon.
 24909 | Lair:6   | Entered Level 6 of the Lair of Beasts
 25113 | Lair:6   | Reached skill level 17 in Fighting
 25129 | Lair:6   | Found a staircase to the Slime Pits.
 25138 | Lair:6   | Found a viscous altar of Jiyva.
 25282 | Lair:6   | Reached skill level 1 in Evocations
 25290 | Lair:6   | - ugh pnods
 25592 | Lair:6   | Reached XP level 14. HP: 104/166 MP: 14/14
 26502 | Lair:6   | Reached skill level 5 in Evocations
 26945 | Lair:6   | Reached skill level 18 in Fighting
 27249 | Lair:6   | Reached ****** piety under Trog
 27430 | Lair:6   | Identified the +1 short sword of Pyommai {flame, rElec
                  | Stlth+}
 27527 | Lair:5   | - guess ill have to kill myself later
 27969 | Orc:1    | Entered Level 1 of the Orcish Mines
 28298 | Orc:1    | Found Rukafoh's Assorted Antiques.
 28307 | Orc:1    | Bought a metallic golden potion for 26 gold pieces
 28307 | Orc:1    | Bought a scroll labelled DACOUL KIMOU for 29 gold pieces
 28368 | Orc:2    | Entered Level 2 of the Orcish Mines
 28368 | Orc:2    | Noticed Saint Roka
 28564 | D:9      | Bought the +0 mask of the Dragon {Will+ Slay+3 SInv} for
                  | 467 gold pieces
 28564 | D:9      | Found the +0 mask of the Dragon {Will+ Slay+3 SInv}
 28791 | Orc:2    | Identified the +8 mace "Mueca" {vorpal, Str+5 Dex+2} (Trog
                  | gifted it to you on level 2 of the Orcish Mines)
 28791 | Orc:2    | Received a gift from Trog
 28853 | Orc:2    | Found a staircase to the Elven Halls.
 29024 | Orc:2    | Killed Saint Roka
 29025 | Orc:2    | Reached skill level 10 in Throwing
 29244 | Orc:1    | Noticed an orc warlord
 29334 | Orc:1    | Killed an orc warlord
 29493 | Orc:1    | You fall into a shaft and drop 1 floor!
 29995 | Orc:2    | Reached XP level 15. HP: 176/178 MP: 15/15
 30243 | Orc:2    | Found Xupronamp's Assorted Antiques.
 30243 | Orc:2    | Found Gim Zunudox's General Store.
 30247 | Orc:2    | Found Nipufa's Book Boutique.
 30247 | Orc:2    | Found Botuc's Weapon Boutique.
 30272 | Orc:2    | Bought a scroll of identify for 28 gold pieces
 30419 | Orc:2    | Bought a scroll of teleportation for 42 gold pieces
 30419 | Orc:2    | Bought a scroll of fear for 49 gold pieces
 30420 | Orc:2    | Bought a scroll of identify for 56 gold pieces
 30704 | D:13     | Found a stormy altar of Qazlal.
 30775 | D:13     | Reached skill level 1 in Armour
 31173 | D:13     | Identified the +7 giant spiked club of Trog's Hatred
                  | {vorpal, rElec rF+} (Trog gifted it to you on level 13 of
                  | the Dungeon)
 31173 | D:13     | Received a gift from Trog
 31253 | D:13     | Found a gate to the Vaults.
 31263 | D:13     | Reached skill level 19 in Fighting
 32965 | D:15     | Entered Level 15 of the Dungeon
 33145 | D:15     | Reached skill level 5 in Armour
 33627 | D:15     | Found Selol's Armour Boutique.
 33679 | D:15     | Received a gift from Trog
 33822 | D:15     | Found a staircase to the Depths.
 33910 | D:15     | Noticed Roxanne
 34063 | D:15     | Reached XP level 16. HP: 142/192 MP: 16/16
 34279 | D:13     | Acquired a manual of Evocations
 34487 | Spider:1 | Entered Level 1 of the Spider Nest
 34506 | Lair:2   | Reached skill level 20 in Fighting
 34534 | Lair:2   | - swarmed on the doorstep... I do not feel equipped for the
                  | next phase here
 34890 | Lair:2   | Killed Xudgha's ghost
 34917 | Lair:2   | Identified the +7 ice dragon scales of Insecurity {Harm
                  | Rampage rF- rC++ MP+9 Dex+8}
 34969 | Shoals:1 | Entered Level 1 of the Shoals
 35078 | Shoals:1 | Found Iwniox's Visitors' Centre.
 35142 | Shoals:1 | Found Iwniox's Merfolk Armours.
 35171 | Shoals:1 | Found Iwniox's Merfolk Weapons.
 35171 | Shoals:1 | Found Iwniox's Merfolk Magic.
 35174 | Shoals:1 | - cute
 35427 | Shoals:1 | Received a gift from Trog
 36207 | Shoals:2 | Found Fayck's Book Boutique.
 36866 | Shoals:2 | Found Plog's General Store.
 37120 | Shoals:3 | Found Pyjeushroiq's General Store.
 37130 | Shoals:3 | Identified the +1 demon blade "Adyuptobu" {elec, +Rage
                  | Str+6}
 37377 | Shoals:3 | Noticed Aizul
 37390 | Shoals:3 | Killed Aizul
 37391 | Shoals:3 | Reached XP level 17. HP: 78/201 MP: 17/17
 37732 | Shoals:4 | Entered Level 4 of the Shoals
 37927 | Shoals:4 | Received a gift from Trog
 38133 | Shoals:4 | Noticed a kraken
 38161 | Shoals:4 | Killed a kraken
 38321 | Shoals:4 | Reached skill level 15 in Maces & Flails
 38776 | Shoals:4 | Got a barnacled rune of Zot
 38990 | Shoals:4 | Received a gift from Trog
 39310 | Shoals:4 | Identified the +7 arbalest of Certain Death {flame, rN+
                  | rCorr}
 39952 | Spider:1 | Reached XP level 18. HP: 210/210 MP: 18/18
 40853 | Spider:2 | Received a gift from Trog
 41130 | Spider:2 | Noticed Jorgrun
 41145 | Spider:2 | Killed Jorgrun
 42416 | Spider:4 | Entered Level 4 of the Spider Nest
 42624 | Spider:4 | Noticed Asterion
 42681 | Spider:4 | Found a runed translucent gate.
 42681 | Spider:4 | Noticed Kazon's ghost (journeyman PaBe)
 42824 | Spider:4 | Found a runed translucent gate.
 42825 | Spider:4 | Found a runed translucent gate.
 42831 | Spider:4 | - ooh all those rocks
 43483 | Spider:4 | Killed Asterion
 43983 | Spider:4 | Identified the +1 pair of boots of Amalag {Int+5}
 44958 | Spider:4 | Got a gossamer rune of Zot
 45264 | D:4      | Bought a potion of cancellation for 104 gold pieces
 45382 | D:7      | Killed Maggie
 45981 | Lair:5   | Received a gift from Trog
 45985 | Lair:5   | Killed grimtooth's ghost
 46012 | Lair:5   | Identified the +3 broad axe "Etaikic" {protect, *Rage Str+4
                  | Dex+3}
 46708 | D:12     | Killed Nessos
 46709 | D:12     | Reached XP level 19. HP: 222/222 MP: 19/19
 46840 | D:15     | Reached skill level 21 in Fighting
 46868 | D:15     | Killed Roxanne
 46949 | Vaults:1 | Entered Level 1 of the Vaults
 47821 | Vaults:1 | Reached skill level 10 in Armour
 47821 | Vaults:1 | Reached skill level 10 in Evocations
 47828 | Vaults:1 | Received a gift from Trog
 48710 | Vaults:1 | Found Netheisch's Assorted Antiques.
 49231 | Vaults:2 | Noticed Sojobo
 49241 | Vaults:2 | Paralysed by an air elemental for 1 turns
 49329 | Vaults:2 | Paralysed by an air elemental for 1 turns
 49334 | Vaults:2 | Paralysed by an air elemental for 1 turns
 49337 | Vaults:2 | Paralysed by an air elemental for 1 turns
 49565 | Vaults:2 | Found Qacru's Antique Weapon Boutique.
 49727 | Vaults:2 | Paralysed by an air elemental for 1 turns
 49732 | Vaults:2 | Killed Sojobo
 49964 | Vaults:2 | Reached XP level 20. HP: 206/234 MP: 20/20
 50214 | Vaults:3 | Noticed Boris
 50218 | Vaults:3 | Killed Boris
 50218 | Vaults:3 | Received a gift from Trog
 50262 | Vaults:3 | Found a transporter.
 50280 | Vaults:3 | Found a transporter.
 50647 | Vaults:3 | Noticed Donald
 50649 | Vaults:3 | Killed Donald
 50850 | Vaults:3 | Received a gift from Trog
 50939 | Vaults:3 | Reached skill level 15 in Throwing
 51121 | Vaults:3 | Found Kofu's Assorted Antiques.
 51308 | Vaults:3 | Found a staircase to the Crypt.
 51607 | Vaults:4 | Found a crumbling gateway.
 51622 | Desolati | Entered the Desolation of Salt
 51771 | Desolati | Identified the +5 battleaxe "Qacu Mae" {holy, rCorr Int+5}
 51773 | Desolati | Identified the +3 arbalest "Siqiocos" {elec, rF+ rC+ Int+3
                  | Stlth+}
 51781 | Desolati | Identified the +0 troll leather armour of the Untouchables
                  | {Will- Regen+ Str+3 Int+8 Dex-4}
 51866 | Desolati | Reached XP level 21. HP: 222/241 MP: 21/21
 51989 | Desolati | Received a gift from Trog
 52244 | Desolati | Identified the +3 leather armour of Vuinab {Rampage Dex+4}
 52245 | Desolati | Identified the ring of Keimiat {rPois rCorr Int+4}
 52247 | Desolati | Identified the ring "Gogykka" {Wiz rElec rC+++ Str+2
                  | Stlth+}
 52443 | Desolati | Identified the ring "Umiliel" {Drain rPois rN+ Str+6 Int+6}
 52963 | Vaults:4 | - convokers calling convokers
 54065 | Elf:1    | Entered Level 1 of the Elven Halls
 54093 | Elf:1    | Received a gift from Trog
 54405 | Elf:1    | Identified the +4 short sword of Suvunyik {vorpal, rPois
                  | rF+ Int+2}
 54562 | Elf:1    | Identified the ring of Socaer {rC+ Will+ rCorr Dex-2
                  | Stlth+}
 55168 | Elf:2    | Noticed Azrael
 55176 | Elf:2    | Noticed Nikola
 55274 | Elf:2    | Received a gift from Trog
 55337 | Elf:2    | Killed Azrael
 55390 | Elf:2    | Found Osic's Armour Emporium.
 55390 | Elf:2    | Found Inobb's Book Shoppe.
 55448 | Elf:2    | Killed Nikola
 55543 | Elf:2    | Found a huge runed translucent gate.
 55543 | Elf:2    | Found a huge runed translucent gate.
 55543 | Elf:2    | Found a huge runed translucent gate.
 55543 | Elf:2    | Found a huge runed translucent gate.
 55549 | Elf:2    | Found a huge runed translucent gate.
 55554 | Elf:2    | Reached skill level 10 in Dodging
 55897 | Elf:3    | Entered Level 3 of the Elven Halls
 55949 | Elf:3    | Found Ughon's Book Boutique.
 56528 | Elf:3    | Reached XP level 22. HP: 226/252 MP: 22/22
 56750 | Elf:3    | Found the +15 Maxwell's patent armour {-Cast -Tele rElec
                  | Will+ rCorr}
 56886 | Elf:3    | Identified the +10 arbalest of the King {elec, Str+4
                  | Stlth+}
 57819 | Elf:3    | Identified the +2 robe of Poor Excuses {rPois Will+ SInv}
 57899 | Elf:2    | Received a gift from Trog
 58522 | Orc:2    | Bought a potion of heal wounds for 140 gold pieces
 58522 | Orc:2    | Bought a wand of acid (7) for 224 gold pieces
 59480 | Elf:2    | Bought a +0 cloak of poison resistance for 119 gold pieces
 59947 | Shoals:1 | Bought a scarf of invisibility for 168 gold pieces
 60171 | Orc:2    | Bought a potion of experience for 700 gold pieces
 60171 | Orc:2    | Reached XP level 23. HP: 261/261 MP: 23/23
 60376 | D:13     | Acquired +1 shadow dragon scales
 60487 | Crypt:1  | Entered Level 1 of the Crypt
 60494 | Crypt:1  | Found a runed translucent gate.
 60494 | Crypt:1  | Found a runed translucent gate.
 60494 | Crypt:1  | Found a runed translucent gate.
 60899 | Crypt:1  | Received a gift from Trog
 61234 | Crypt:1  | Noticed a royal mummy
 61238 | Crypt:1  | Noticed Khufu
 61240 | Crypt:1  | Killed a royal mummy
 61272 | Crypt:1  | Killed Khufu
 61273 | Crypt:1  | Reached skill level 22 in Fighting
 61732 | Crypt:2  | Reached XP level 24. HP: 234/272 MP: 23/23
 61839 | Crypt:2  | Noticed Boris
 61850 | Crypt:2  | Killed Boris
 62056 | Crypt:2  | Identified the +4 morningstar of the Fray {vorpal, Str+3}
                  | (Trog gifted it to you on level 2 of the Crypt)
 62056 | Crypt:2  | Received a gift from Trog
 62288 | Crypt:3  | Entered Level 3 of the Crypt
 63457 | Crypt:3  | Found a staircase to the Tomb.
 63722 | Crypt:3  | Received a gift from Trog
 64797 | Crypt:3  | Noticed a royal mummy
 64810 | Crypt:3  | Killed a royal mummy
 64811 | Crypt:3  | Reached skill level 23 in Fighting
 64950 | Crypt:3  | Identified the amulet of Serendipity {Harm +Blink rPois
                  | Regen+}
 64950 | Crypt:3  | Identified the ring of Life {rElec rN+ Will+ Dex-4 Slay+6}
 64998 | Crypt:3  | Identified the +0 falchion "Pinn" {chaos, rN+ Str+2 Dex+4}
 65343 | Depths:1 | Entered Level 1 of the Depths
 65417 | Depths:1 | Reached skill level 15 in Armour
 65512 | Depths:1 | Received a gift from Trog
 65736 | Depths:1 | Found a runed translucent door.
 65859 | Depths:1 | Reached XP level 25. HP: 213/287 MP: 23/23
 65962 | Depths:1 | Found a gateway to Hell.
 66213 | Depths:1 | Found a one-way gate to the infinite horrors of the Abyss.
 67092 | Depths:1 | Identified the +2 trident of Moral Flaws {elec, rC+ rN+}
 67362 | Depths:2 | Received a gift from Trog
 67644 | Depths:2 | Found a gateway to a ziggurat.
 67721 | Depths:2 | Found a one-way gate leading to the halls of Pandemonium.
 68662 | Depths:2 | Reached skill level 24 in Fighting
 68845 | Depths:3 | Received a gift from Trog
 69411 | Depths:3 | Received a gift from Trog
 69427 | Depths:3 | Reached XP level 26. HP: 193/300 MP: 23/23
 70545 | Depths:4 | Paralysed by a floating eye for 2 turns
 70983 | Depths:4 | Received a gift from Trog
 71253 | Depths:4 | Noticed Jory
 71255 | Depths:4 | Killed Jory
 71584 | Depths:4 | Identified the +3 robe of Unambiguity {Fly rElec rN+}
 71966 | Depths:5 | Entered Level 5 of the Depths
 72032 | Depths:5 | Identified the ring "Fatupt" {rF- rC+ rCorr Int+10 Slay-2}
 72330 | Depths:5 | Received a gift from Trog
 72346 | Depths:5 | Noticed Boris
 72348 | Depths:5 | Killed Boris
 72349 | Depths:5 | Reached XP level 27. HP: 306/309 MP: 23/23
 72511 | Depths:5 | Noticed a juggernaut
 72538 | Depths:5 | Killed a juggernaut
 72709 | Depths:5 | Found a transporter.
 72711 | Depths:5 | Identified the +9 long sword of Gloom {flame, *Rage +Blink
                  | rC+++ Int+4}
 72759 | Depths:5 | Identified the ring "Dicwear" {Contam rPois Str+4 Int+2}
 73030 | Depths:5 | Noticed a juggernaut
 73032 | Depths:5 | Received a gift from Trog
 73039 | Depths:5 | Killed a juggernaut
 73187 | Depths:5 | Found a transporter.
 73218 | Depths:5 | Identified the ring "Ahegaax" {Fly rF+ Will+ Int+5}
 73295 | Depths:5 | Found a gate to the Realm of Zot.
 73352 | Depths:5 | Found a shadowy altar of Dithmenos.
 73498 | Depths:5 | - huh pretty boring
 74184 | D:8      | Bought 8 silver javelins for 249 gold pieces
 74322 | Slime:1  | Entered Level 1 of the Pits of Slime
 74576 | Slime:2  | Gained mutation: Your body sometimes deteriorates upon
                  | taking damage. [a shining eye]
 74581 | Slime:2  | Received a gift from Trog
 74684 | Slime:2  | Gained mutation: You are clumsy. (Dex -2) [a shining eye]
 74764 | Slime:1  | Reached skill level 15 in Evocations
 75549 | Slime:4  | Received a gift from Trog
 75888 | Slime:5  | Entered Level 5 of the Pits of Slime
 76209 | Slime:5  | Noticed the Royal Jelly
 76218 | Slime:5  | Killed the Royal Jelly
 76431 | Slime:5  | Received a gift from Trog
 76529 | Slime:5  | Found the +7 sceptre of Torment {pain, torment}
 76587 | Slime:5  | Identified the +1 mace "Wour" {vorpal, Will+ Str-2 Stlth+}
 76651 | Slime:5  | - just when i hit 22, heres the manual
 76693 | Slime:5  | Got a slimy rune of Zot
 77209 | D:10     | Bought a scroll of blinking for 105 gold pieces
 77209 | D:10     | Bought a scroll of summoning for 133 gold pieces
 77209 | D:10     | Bought a scroll of blinking for 105 gold pieces
 77324 | D:4      | Bought a potion of haste for 130 gold pieces
 77324 | D:4      | Bought a potion of haste for 130 gold pieces
 77506 | Orc:2    | Bought a potion of haste for 140 gold pieces
 77507 | Orc:2    | Bought a potion of cancellation for 224 gold pieces
 77746 | Vaults:1 | Bought a potion of heal wounds for 140 gold pieces
 77931 | Vaults:3 | Bought a scroll of blinking for 225 gold pieces
 78005 | Vaults:5 | Entered Level 5 of the Vaults
 78110 | Vaults:5 | Identified the +1 leather armour of Lightning Storm {Fly
                  | Will+ Stlth+}
 78127 | Vaults:5 | Identified the ring of Hepliaklqana's Hope {Wiz Str+3
                  | Dex+4}
 78612 | Vaults:5 | Identified the +3 halberd "Itugoez" {vorpal, rF+ Will+}
 78971 | Vaults:5 | Received a gift from Trog
 79200 | Vaults:5 | Identified the +2 hunting sling of Valiance {speed, Will++
                  | Str+2 Int-5 Stlth+}
 79202 | Vaults:5 | Noticed an ancient lich
 79220 | Vaults:5 | Killed an ancient lich
 79508 | Vaults:5 | Found the +3 giant club "Skullcrusher" {speed, Str+7}
 79689 | Vaults:5 | Noticed an ancient lich
 79694 | Vaults:5 | Killed an ancient lich
 79716 | Vaults:5 | Found Weanick's Armour Boutique.
 79996 | Vaults:5 | Got a silver rune of Zot
 80366 | Zot:1    | Entered Level 1 of the Realm of Zot
 80445 | Zot:1    | Reached skill level 15 in Dodging
 80466 | Zot:1    | Received a gift from Trog
 80611 | Zot:1    | You fall into a shaft and drop 1 floor!
 80667 | Zot:2    | Identified the +2 shortbow of Brawling {speed, Str+3 Int+4}
 81206 | Zot:1    | - so i have to go in here right
 81936 | Zot:2    | Received a gift from Trog
 82823 | Zot:3    | Reached skill level 25 in Fighting
 82904 | Zot:3    | You fall into a shaft and drop 1 floor!
 83011 | Zot:4    | Noticed a juggernaut
 83021 | Zot:4    | Killed a juggernaut
 83338 | Zot:3    | Received a gift from Trog
 83952 | Zot:4    | Noticed an ancient lich
 83964 | Zot:3    | Killed an ancient lich
 84604 | Zot:4    | Noticed an orb of fire
 84611 | Zot:4    | Killed an orb of fire
 84854 | Zot:4    | - ok this is feeling a little too close
 85119 | Zot:5    | Entered Level 5 of the Realm of Zot
 85414 | Zot:5    | Reached skill level 26 in Fighting
 85532 | Zot:5    | Noticed an ancient lich
 85534 | Zot:5    | Killed an ancient lich
 85738 | Zot:5    | Noticed an orb of fire
 85756 | Zot:5    | Reached skill level 27 in Fighting
 85799 | Zot:5    | Received a gift from Trog
 85823 | Zot:5    | Lost mutation: You are clumsy. (Dex -2) [an orb of fire]
 85833 | Zot:5    | Gained mutation: Potions are less effective at restoring
                  | your health. [an orb of fire]
 85834 | Zot:5    | Killed an orb of fire
 85993 | Zot:5    | Noticed an ancient lich
 85993 | Zot:5    | Noticed an ancient lich
 86004 | Zot:5    | Killed an ancient lich
 86005 | Zot:5    | Killed an ancient lich
 86048 | Zot:5    | Noticed an orb of fire
 86049 | Zot:5    | Noticed an orb of fire
 86054 | Zot:5    | - well this is quite inconvenient
 86057 | Zot:5    | Killed an orb of fire
 86059 | Zot:5    | Killed an orb of fire
 86067 | Zot:5    | - but OK
 86150 | Zot:5    | Identified the +9 hunting sling of Profit {freeze, rPois
                  | rCorr Dex-5 Stlth+}
 86526 | Zot:5    | - guess i should use it
 86526 | Zot:5    | Acquired 607 gold pieces
 86528 | Zot:5    | - junk
 86529 | Zot:5    | Got the Orb of Zot
 86533 | Zot:5    | Noticed Betemiuz the pandemonium lord
 86973 | D:5      | - i promised i would nail you dudrd
 87170 | D:$      | Escaped with the Orb!

Illustrated notes ##### ##...## ##@###.## ########.#####.# #...........##.# #.######.##.##.# #.# ##.#.#.## #.# ##...## ##### #.# ##.## #.... #)# #.# ####.### ########.#########.# #....... ......##........##.# #.##.... #####.#########.##.#######.##..## Turn 18705 on D:12: - where the hell are the mines #..# #PPP.P# #..# #..######PP_PP####..############# #........PP..P................... #..>......P...................... #..................#############. #...........$......# #. #..................#############. #................................ #..................o....[..###### #..#############.## ######.# #..# #@# #.# #..# #.# #.# #..#############.# #.# #................#########.###### #................................ #................###############. #.#############..###############. #.............).................. #......................(......... #..............[................. #............<................... Turn 18905 on D:10: - this is the only possibility ..#####..###.####................ ..# ##.PPP.# #..############## ..# #PPP.P# #..# # ..######PP_PP####..############## ........PP..P.................... ..>......P....................... ..................#############.. ...........$......# #.. ..................#############.. ..............Z.Z................ ................@o.....[..####### ..#############Z#########.# ..# #.# #.# ..# #.# #.# ..#############.# #.# ................#########.####### ................................. ................###############.. .#############..###############.. .............)................... ......................(.......... Turn 18913 on D:10: - and i dont see it ....#.###..##.##.# #.# ...........##.##.#####.# >...##.....##..........# ######.....#######..#### ### #.....# #.## # ..# #.....# #.# 8# ..# #.....# #.# ..o ..# ####### #...o. ..# #... ..# ##########.#[. ..#######.......@..##O. .......##.########## #8# .##.##.##.# ## .##.##.##.# .##.##.##.# .##.......# .#####.#### .......# ######## Turn 19005 on D:9: - oh its you #... .##...####[.# # ...........# . ..........#.# . #..... ..#.# h #....# .... . # .Y###....# ..# . .Y .(.((....##..# ≈... ####((((†@..# ...# #....##..# .... #..P## ..# .... ....... ..# .... ........ ... .... .......... ..#. .... .......... ..(.. .... ..........#### .. ...P ..## .... Turn 19712 on Lair:1: - trog dont make me switch to blades man #...P.....PP.#..### ..≈ ...........†P.##..# ...≈ ..................# ...≈. .#...........#...#.P..≈≈ ...#.......##.#.......# ####.#....#####..###(.# #......# ####.(..# #.P###.# ##(.... #.P##########(w..P.. #...### #.##(....... ###.....###@††........ #...............##...# #.#...#....#.#.#y....# ##########P######.... ### #.## ..# #.. .. Turn 25290 on Lair:6: - ugh pnods ##..≈♣.♣♣♣♣.♣...........### #..≈≈♣♣♣.....♣..........#.# ....≈≈♣♣....♣♣...........## ....♣≈≈≈≈♣♣♣♣♣............# ....♣♣.≈≈.♣♣...........<..## ........≈≈♣≈≈≈.............## ....♣.♣†♣≈≈≈♣≈≈.............#### ....♣♣♣♣♣♣.♣♣♣≈..............#.# ....♣♣.♣.♣♣♣.♣....P.....÷.....### ..........♣........#............. ................@..P............# ...#.................#........... ....##...............#........... ######...........#.#####........( D## ##.............# ##........ D♣ #..............## ##....... .≈# ##..............######.#.... ..# ##........_..PP##.##....... ♣######............###.....P..... ###.................†......†..... ##................P.............. Turn 27527 on Lair:5: - guess ill have to kill myself later .≈...≈≈...........# ### ##... ≈≈.≈≈≈...........## #.... #.≈##≈............# #.... ....##..........### #.... #.........P##....###### #.#.. #..#......###...#.....## ##.## .###.#.......P....(....# #### ## #..##...............# # #######.............# #.#............######### ###......@>......#P.....## #......................... ##^........................ #.........)...............# ##......................... ##..............#........# #............P##.#....### #............####...##.# ##.......#.#..###....### #......####...#...### ##...#.# ###.......## Turn 34534 on Lair:2: - swarmed on the doorstep... I do not feel equipped for the next phase here ≈≈≈≈≈≈≈≈≈≈≈≈≈≈≈ ≈≈≈≈≈≈≈≈≈≈≈≈≈≈≈≈ ≈≈∩≈≈≈≈∩≈≈≈≈≈≈≈≈≈ ≈≈≈≈≈≈≈≈≈≈≈≈≈≈≈≈≈≈ ≈≈≈≈≈≈≈≈≈≈≈≈≈≈≈≈≈≈≈≈ ≈≈≈≈≈≈≈≈≈≈≈≈≈≈≈≈≈≈≈≈≈ ≈≈≈≈≈≈≈≈≈≈≈≈≈≈≈≈≈≈≈≈≈≈≈≈ ≈≈∩≈≈≈≈@≈≈≈≈≈≈≈≈≈≈≈≈≈≈≈≈ ≈≈≈≈≈≈≈..≈≈≈≈≈≈≈≈≈≈≈≈≈≈≈ ≈≈≈≈≈≈≈≈≈.≈≈≈≈≈≈≈≈≈≈≈≈≈≈ ≈≈≈≈≈≈≈≈≈≈.≈....≈≈≈≈≈≈≈≈ ≈≈≈≈≈≈≈≈≈≈..........≈≈≈≈ ≈≈≈≈≈≈≈≈≈.............≈≈ ≈≈≈≈≈≈≈≈≈[..).).).....≈≈ ≈≈≈≈≈≈≈≈≈...).)......≈≈≈ ≈≈≈≈≈≈≈≈......†.....≈≈≈ ≈≈≈≈≈≈≈≈............≈≈ ≈≈≈≈≈≈≈≈≈......≈....≈≈ Turn 35174 on Shoals:1: - cute ###.. ## ##† ##..^ #. ..... ##. ....## #^# .#...### #.. .......####### ##. ####.........## ## #.........†...# ####.##.......##.# #....@.....^.....##### ###+++###.###.....##.. #.(..W.(### ##....##.. #....(..# #........ #..=....# #..#..... #.....(8# #^..^...^. #.).(...# #..##.###^ ######### ...^ ####.. #..## ##. ##. ## . # Turn 42831 on Spider:4: - ooh all those rocks *,,,..#,* *,,,,,,** #........# #####'####***,,*** #........# '........# **** #........# #........# #........# #........# #######'######## #...pp...# #.......# #..p.pp..# ###..###..### #.....p..# #...## ##...# #######)########..## ##..# * #.......ccpppc.## ##.# #......ppp...#@# #.# #........pp..#.## ##.# #..(.........#..## ##..# #..........).#..)## ##...# #............###..###..### #...?........# #.))....# #............# ######### #............# *############# Turn 52963 on Vaults:4: - convokers calling convokers

.......##...#.....#)..##.....#...
.......'....##(.:##.†..'.........
....†.......###©###)...##'#.....#
...[).'.##.=#######_.###..##.....
........######≈≈≈#######...'.....
....))..######≈^≈######....#.....
.........##≈≈≈)©≈≈≈≈≈##}...#.....
....#....##≈∩......∩≈########....
...########≈..P.⌠...≈#####..##...
..##.(#####≈......P.≈≈≈##...)'..)
#.'...)##≈≈≈.⌠..@...©^≈#©=...#.#.
..#...∩∩#≈^∩......⌠.≈≈≈##)..)[...
..'...(##≈≈≈.P......≈#####..##)..
..##.=#####≈...⌠.P..≈########)...
...########≈∩......∩≈##....#.....
....#..:.##≈≈≈≈≈∩≈≈≈≈##....#.....
....#....######≈^≈######...'.....
....'...#######≈≈≈######..##.)...
....##..###.=#######∩)###'#......
.....#[##....###∩###....#.......#
........'.)..##.)[##....'........


Turn 73498 on Depths:5: - huh pretty boring ###............ #..............
##............. ............... ............... #.............. ...............
## # ..... ............... ##[##..##[## .... ..............###):?##.#$($###...
.............###$|?##..##[=/##... .............##!@$[/....$)φ)|# ..
.............##$.)[......)}$)###. ............####[!.)....|.))# #..
............#####..........####.. .............#................##.
...............#............#.... .............# ##..........#####.
............# ##)).|....:...###.. ............# #..:.......[:.=###.
............###.:|)[.....).}[###. ..............##)=.##..##.))##... Turn 76651
on Slime:5: - just when i hit 22, heres the manual ≈#,,,* *,,,* *,,,* *,,,#≈≈≈≈
≈#,,,* *,,,* *,,,* *,,,#≈≈≈≈ ≈#,,,* *,,,* *,,,* *,,,#≈≈≈≈ ≈#,,,* ***** *****
*,,,#≈≈≈≈ ≈#,,,* *,,,#≈≈≈≈ ≈#,,,********************,,,#≈≈≈≈
##,,,,,,,,,,,,,,,,,,,,,,,,,,####≈ ,,,,,,,,,,,,,,,,,,,,,,,,,,,,,,,#≈
,,,,,,,,,,,,,,,,,,,,,,,,,,,,,,,#≈ ,,,,#########++++#########,,,,,#≈
,,,,#≈≈≈≈≈≈≈≈≈≈≈@≈≈≈≈≈≈≈≈#,,,,,#≈ ,,,,#≈≈≈≈≈≈≈≈≈≈≈≈≈≈≈≈≈≈≈≈#,,,,,#≈
#####≈≈≈≈≈≈≈≈≈≈≈≈≈≈≈≈≈≈≈≈#######≈ ≈≈≈≈≈≈≈≈≈≈≈≈≈≈≈≈≈≈≈≈≈≈≈≈≈≈≈≈≈≈≈≈≈
≈≈≈≈≈≈≈≈≈≈≈≈≈≈≈≈≈≈≈≈≈≈≈≈≈≈≈≈≈≈≈≈≈ .................................
#########.........>....../....... #(.########....########## #..##...# ##...# #..
####..##...# #...# #.. #.....##...####...########.. Turn 81206 on Zot:1: - so i
have to go in here right ## ##≈.......§## ##...##.##..## # ###≈...≈###
#####.^.####. ###'''### #####........#.#. #8#...#8###...##.#.....#...
#.......##.....####)###..#. #...⌠...#.......##...##..##
#................#....##... #..#^#.........[.+....[.#..
#..#.#........=..#......'.. #..###..........##......#..
#........#@....##.......### ###########...##.......## #'#+###.....##
##...#.##...## #.......#+#'## #.#....##....## #.#...........# #####..##...###
##........## #.........# #..#.##'#.# Turn 84854 on Zot:4: - ok this is feeling a
little too close ...# ##.............## *,,,,,,,,,
...###...............##*,^,,,,,,, ..###...###########...#**,,,,,,,, .##..).##
##....#*,,,,,,, )....### ###...X..,,,,, ▓▓▓▓▓# *▓▓▓▓▓▓***** .▓▓▓▓ *▓▓▓..,,,,,
....▓## *#▓.....,,,^, ......## ##.^.....,,,,, .......# ▓▓▓▓▓▓▓▓▓ #........,,,,^
.......▓▓▓......@▓▓▓......*.,,,,, .......▓▓.^......)▓▓..$.....,,,,,
..^....▓...........▓.....[..,,,,, .............0.).(.((..^....,,,,,
......^▓...........▓.^...^..,,,,, .......▓▓........^▓▓........,,,,,
.......▓▓▓......^▓▓▓........,,,,, .......▓ ▓▓▓▓▓▓▓▓▓ ▓........,,,,, ......▓▓
▓▓.......,,,,, ....▓▓▓ *▓▓.....,,,,, .▓▓▓▓ *▓▓▓..,,,,, Turn 86054 on Zot:5: -
well this is quite inconvenient ##..).## ##....#*,,,,,,,^ ....###
###...X..,,,,,, ▓▓▓▓# *▓▓▓▓▓▓****** ▓▓▓▓ *▓▓▓..,,,,,, ...▓## *#▓.....,,,^,,
.....## ##.^.....,,,,,, ......# ▓▓▓▓▓▓▓▓▓ #........,,,,^,
......▓▓▓.......▓▓▓......*.,,,,,, ......▓▓.^......)▓▓..$.....,,,,,,
.^....▓...........▓.....[..,,,,,, ............0.).@.((..^....,,,,,,
.....^▓...........▓.^...^..,,,,,, ......▓▓........^▓▓........,,,,,,
......▓▓▓......^▓▓▓........,,,,,, ......▓ ▓▓▓▓▓▓▓▓▓ ▓........,,,,,, .....▓▓
▓▓.......,,,,,, ...▓▓▓ *▓▓.....,,,,,, ▓▓▓▓ *▓▓▓..,,,,,, ▓ ********* Turn 86067
on Zot:5: - but OK .....##..).## ##....##... .)..)....### ###...^... ▓▓▓▓▓▓▓▓▓#
#▓▓▓▓▓▓▓ .....▓▓▓▓ ▓▓▓▓... ........▓## ##▓...... ..........## ##.^......
...........# ▓▓▓▓▓▓▓▓▓ #......... ^..........▓▓▓.......▓▓▓.........
...........▓▓.^......)▓▓......... ......^....▓...........▓.....[...
................@0.).......^..... ..........^▓...........▓.^...^...
...........▓▓........^▓▓......... ...........▓▓▓......^▓▓▓......... .).........▓
▓▓▓▓▓▓▓▓▓ ▓......... ..........▓▓ ▓▓........ ........▓▓▓ ▓▓▓...... .....▓▓▓▓
▓▓▓▓... ▓▓▓▓▓▓ ▓▓▓▓ Turn 86526 on Zot:5: - guess i should use it .....##..).##
##....##... .)..)....### ###...^... ▓▓▓▓▓▓▓▓▓# #▓▓▓▓▓▓▓ .....▓▓▓▓ ▓▓▓▓...
........▓## ##▓...... ..........## ##.^...... ...........# ▓▓▓▓▓▓▓▓▓ #.........
^..........▓▓▓.......▓▓▓......... ...........▓▓.^......)▓▓.........
......^....▓...........▓.....[... ................@0.).......^.....
..........^▓...........▓.^...^... ...........▓▓........^▓▓.........
...........▓▓▓......^▓▓▓......... .).........▓ ▓▓▓▓▓▓▓▓▓ ▓......... ..........▓▓
▓▓........ ........▓▓▓ ▓▓▓...... .....▓▓▓▓ ▓▓▓▓... ▓▓▓▓▓▓ ▓▓▓▓ Turn 86528 on
Zot:5: - junk .....#.########....# #.# #.# ..............+....####'#######.#
#.###..########....#............# #......!.........###.....########
#...#........###.# #.....# #...#........# #.###.....# #...#......### #.........#
#...##.#########.....##### #......#.......#.....# #....>...#####.......#
#.......##.$.##.@....# #.......#$5∩.5#..##### #.####..##.5?##..#
#+####...#####...# ### ...##..........#+## #.# ...''.>.#######...# #.#
...##...#######...### #.# #'#####......##.....# #.# #.#####......##.....######.#
'.÷...'......++.....'...[..# #.#####......##.....#......# Turn 86973 on D:5: - i
promised i would nail you dudrd

Levels and vault maps discovered:
D:1:      sevenhm_arrival_forest_fort_large_2, layout_basic, st_stairs_1
D:2:      minmay_door_path, layout_rooms, grunt_ministairs_2, uniq_robin
D:3:      layout_loops_corners, shapermc_ecumenical_altar_mp_ritualfount
D:4:      layout_basic, amcnicky_altar_gilded, nicolae_stop_n_shop_2,
          hangedman_decor_diamond_cutter, uniq_pikel
D:5:      cheibrodos_quashed, layout_basic, uniq_blork_the_orc
D:6:      hangedman_cross_stitches, layout_cave_pods, mainiacjoe_overflow_paths,
          general_overflow_altar
D:7:      layout_loops_corners, dk_yredelemnul_ordeal,
          nicolae_overflow_hidden_temple, minmay_temple_entry_arrows,
          amcnicky_mini_pool_small, uniq_maggie
D:8:      layout_cave_pools, dpeg_lair_monsters, serial_shops, shop,
          nicolae_shop_crystal, nicolae_take_the_stairs, shop, chequers_jeans,
          grunt_ministairs_12, roderic_cross_of_infinity, uniq_psyche
D:9:      layout_loops_cross, elyvilon_altar_1, tso_oasis_becter, tgw_sif,
          david_orc_4, serial_shops, shop, uniq_maurice
D:10:     layout_long_grid, kennysheep_mini_moat, fedhas_altar_3,
          lemuel_coloured_pillars_altar, mainiacjoe_overflow_alcove_2,
          nicolae_ru_great_annihilating_truth, mainiacjoe_overflow_alcove_1,
          serial_shops, nicolae_shop_statue_plus, uniq_erolcha, uniq_grum,
          uniq_nergalle
D:11:     layout_cave_pools
D:12:     layout_loops_ring, uniq_nessos, uniq_sonja
D:13:     layout_basic, lightli_vaults_fourway_checkpoint,
          nicolae_qazlal_scattered_showers
D:14:     layout_basic, ebering_dispersal_statue_hall
D:15:     hangedman_depths_entry_civil_slaughter, layout_long_grid,
          serial_shops, shop, uniq_roxanne
Lair:1:   layout_gridlike, chequers_serial_rivers_micro_c
Lair:2:   layout_cave_pods, elwin_shoals_entry_rocks, dummy_spider_entry,
          ebering_ghost_xom
Lair:3:   layout_small_grid, serial_bayou_shore_a, serial_bayou_shore_b,
          minmay_lair_oklob_chamber, grunt_megastairs_2
Lair:4:   layout_gridlike, uniq_josephine
Lair:5:   layout_hall_layers, basic_altar, gammafunk_ghost_hydra_chop,
          guppyfry_lair_drakes
Lair:6:   minmay_lair_end_frog_pond, layout_loops_ring, slime_altar_1,
          nzn_sisyphean_effort
Shoals:1: nicolae_shoals_mermall, layout_shoals
Shoals:2: layout_shoals, serial_shops, nicolae_lakefront_shop,
          nicolae_shop_window_shopping, nicolae_shoals_isolated_beach
Shoals:3: layout_shoals, serial_shops, nicolae_shop_crystal, uniq_aizul
Shoals:4: shoals_end_grunt_ice, layout_shoals
Spider:1: layout_spider_delve
Spider:2: layout_spider_delve, uniq_jorgrun
Spider:3: layout_spider_delve
Spider:4: spider_rune_water, ebering_ghost_rock_garden, nicolae_crawler_farm,
          uniq_asterion
Slime:1:  layout_caves
Slime:2:  layout_caves
Slime:3:  cheibrodos_slime_lost_civilization_1, layout_caves
Slime:4:  layout_caves, nicolae_slime_welcoming_committee
Slime:5
Orc:1:    layout_diamond_mine, basic_altar, serial_shops, nicolae_shop_stone
Orc:2:    st_orc_mages, layout_caves, basic_altar, uniq_saint_roka
Elf:1:    layout_onion_city, minmay_elf_necromancy
Elf:2:    elven_hall_of_blades_hangedman_alternative [nicolae_blade_lattice],
          layout_loops_ring, minmay_shoptagon, uniq_nikola, uniq_azrael
Elf:3:    elf_hall, layout_loops_ring, serial_shops, nicolae_shop_stone
Vaults:1: grunt_vaults_diagonal, ontoclasm_vaults_ring_small, vaults_room_fours,
          ontoclasm_vaults_loading_screen, v_misc_29, ontoclasm_vaults_idyll,
          nicolae_vaults_big_ls, vaults_room_stairs_pillars,
          vaults_standard_mumra_enter_the_diamond, grunt_vaults_hallway_long,
          vaults_room_fours, vaults_dpeg_encased_lava, vaults_dpeg_diagonal,
          dpeg_vaults_monster_box, layout_vaults_quadrants, serial_shops,
          nicolae_shop_statue_plus
Vaults:2: nicolae_vaults_display_case, v_rooms_5,
          nicolae_vaults_mini_display_case, ontoclasm_vaults_ring_square,
          vaults_mumra_chevron, vaults_room_semicircle, vaults_room_fours,
          layout_vaults_big_room, serial_shops, shop, uniq_sojobo
Vaults:3: vaults_standard_mumra_enter_the_diamond, vaults_room_large_hall,
          ontoclasm_vaults_eye, vaults_room_pools,
          nicolae_vaults_border_crossing, vaults_room_fancy_cross,
          vaults_room_fours, nicolae_vaults_circle_grid_a,
          minmay_crypt_entry_simple_box, vaults_room_corners,
          hangedman_vaults_trim, gammafunk_the_bubble
          [the_bubble_gammafunk_plus_minus], nicolae_vaults_ring_of_whatevers,
          vaults_room_fancy_cross, layout_vaults_omnibox, serial_shops, shop,
          uniq_boris, uniq_donald
Vaults:4: v_misc_30, hangedman_vaults_corner, vaults_dpeg_spiral, v_misc_27,
          hangedman_vaults_trim, v_misc_23, ontoclasm_vaults_shuriken,
          serial_ice_m, layout_vaults_maze_bifur,
          portal_desolation_entry_nicolae_slug
Vaults:5: serial_shops
Crypt:1:  layout_chaotic_city, pandoras_box_mu, uniq_khufu
Crypt:2:  layout_misc_corridors, grunt_megastairs_5
Crypt:3:  due_elkab, layout_chaotic_city, tomb_entry_shell_bobbens
Depths:1: layout_big_octagon, minmay_room_of_horrors, grunt_hell_entry_dis_mu,
          chequers_serial_rivers_large_a, minmay_misc_feat_four_crosses,
          lightli_giant_bouncers
Depths:2: minmay_spriggan_fort, layout_basic, enter_ziggurat_d,
          grunt_pan_entry_zigzag, kennysheep_minor_cross, hell_entry
Depths:3: minmay_ornate_pinched, layout_basic, rand_demon_pan_entry_9,
          hell_entry, nrook_mini_vaults
Depths:4: angbandy_vault, layout_gridlike, hangedman_abyss_or_decor_slice,
          pan_entry, hell_entry, hangedman_abyss_entry_splay, uniq_jory
Depths:5: hangedman_spin_cycle, abyss_entry, pan_entry, hell_entry
Zot:1:    minmay_elemental_castle, layout_misc_corridors
Zot:2:    layout_basic, st_small_dragon_hoard_1
Zot:3:    grunt_zot_stairs_faceoff, layout_misc_corridors, drop_trap
Zot:4:    ebering_greatest_show_in_zot, layout_twisted_circle,
          grunt_ministairs_10
Zot:5:    layout_misc_corridors

Skill      XL: |  1  2  3  4  5  6  7  8  9 10 11 12 13 14 15 16 17 18 19 20 21 22 23 24 25 26 27 |
---------------+----------------------------------------------------------------------------------+-----
Maces & Flails | 3 4 5 7 8 9 10 12 14 16 17 18 19 20 25 | 25.0
Fighting       | 5 6 7 9 11 12 13 15 17 18 19 20 21 22 23 24 27 | 27.0
Dodging        | 4 7 9 10 11 12 18 | 18.0
Shields        | 3 6 |  6.0
Throwing       | 5 9 10 12 13 16 18 19 21 25 | 25.0
Evocations     | 2 6 9 10 12 13 14 15 | 15.0
Armour         | 6 8 9 10 12 13 15 18 | 18.6

Action                   |  1- 3 |  4- 6 |  7- 9 | 10-12 | 13-15 | 16-18 | 19-21 | 22-24 | 25-27 || total
-------------------------+-------+-------+-------+-------+-------+-------+-------+-------+-------++-------
Melee: Mace              |   107 |   220 |       |       |   411 |   816 |       |       |       ||  1554
       Whip              |       |       |   331 |   780 |   682 |       |       |       |       ||  1793
       Demon blade       |       |       |       |       |    12 |     2 |       |       |       ||    14
       Eveningstar       |       |       |       |       |       |     4 |   195 |       |       ||   199
       Giant spiked club |       |       |       |       |       |       |   463 |   383 |  1374 ||  2220
       Giant club        |       |       |       |       |       |       |       |       |   116 ||   116
       Demon whip        |       |       |       |       |       |       |       |       |    26 ||    26
       Lajatang          |       |       |       |       |       |       |       |       |     5 ||     5
Throw: Stone             |    17 |    21 |    46 |    58 |   113 |       |       |       |       ||   255
       Javelin           |     1 |     2 |       |     2 |       |    45 |    37 |    23 |   107 ||   217
       Boomerang         |       |     3 |     1 |     5 |   113 |   270 |   236 |   294 |   176 ||  1098
       Dart              |       |       |     4 |    70 |   162 |   176 |       |       |     1 ||   413
       Large rock        |       |       |       |       |    52 |    26 |    13 |    53 |   443 ||   587
       Throwing net      |       |       |       |       |       |       |       |       |     2 ||     2
Invok: Berserk           |     1 |     3 |     5 |     3 |     3 |     1 |       |       |       ||    16
       Trog's Hand       |       |     1 |       |     5 |     1 |     5 |     3 |       |     5 ||    20
       Brothers in Arms  |       |       |       |       |       |     3 |     1 |       |       ||     4
 Abil: Evoke Blink       |       |       |       |       |       |       |       |       |    12 ||    12
       Evoke Invisibilit |       |       |       |       |       |       |       |       |     1 ||     1
Evoke: Wand              |       |       |     5 |    13 |    29 |    23 |     8 |     9 |    28 ||   115
       Tin of tremorston |       |       |       |       |       |       |     5 |     1 |     3 ||     9
       Phial of floods   |       |       |       |       |       |       |       |     1 |     1 ||     2
       Condenser vane    |       |       |       |       |       |       |       |       |     4 ||     4
  Use: Potion            |       |     1 |     1 |     1 |       |     2 |     3 |     2 |     6 ||    16
       Scroll            |       |       |     7 |     8 |    14 |     4 |     6 |     7 |    25 ||    71
 Stab: Sleeping          |     1 |     1 |       |     6 |     5 |     4 |       |       |     2 ||    19
       Paralysed         |       |       |       |     1 |     3 |       |     1 |       |     7 ||    12
       Distracted        |       |       |       |       |       |     2 |       |     1 |     1 ||     4
       Held in net/web   |       |       |       |       |       |     1 |       |       |     2 ||     3
Armor: Animal skin       |    32 |    78 |    49 |   151 |   141 |       |       |       |       ||   451
       Troll leather arm |       |       |       |       |   118 |     9 |       |       |       ||   127
       Ice dragon scales |       |       |       |       |       |   465 |   311 |   127 |   770 ||  1673
Dodge: Dodged            |    72 |   182 |   142 |   270 |   340 |   429 |   309 |   205 |  1290 ||  3239
Block: Kite shield       |       |       |       |   277 |   509 |   593 |    95 |       |       ||  1474
       Rpst.: Demon blade |       |       |       |       |     1 |       |       |       |       ||     1
